 Dungeon Crawl Stone Soup version 0.30-a0-881-g1ff12e1e11 (console) character file.

Game seed: 17096561310692188146

4 petzl the Sneak (level 1, -8/18 HPs)
             Began as a Formicid Delver on Mar 14, 2023.
             Mangled by a yak (14 damage)
             ... on level 10 of the Dungeon.
             The game lasted 00:12:08 (1869 turns).

petzl the Sneak (Formicid Delver)                   Turns: 1869, Time: 00:12:22

Health: -8/18      AC:  3    Str: 16    XL:     1   Next: 66%
Magic:  2/2        EV: 12    Int:  9    God:
Gold:   117        SH:  0    Dex: 15    Spells: 2/2 levels left

rFire   . . .      SeeInvis +    i - +4 war axe {!f =f}
rCold   . . .      Faith    .    (no shield)
rNeg    . . .      Spirit   .    b - +0 leather armour
rPois   .          Reflect  .    (helmet unavailable)
rElec   .          Rampage  .    (no cloak)
rCorr   .                        (no gloves)
Will    .....                    (no boots)
Stlth   +++                      (no amulet)
HPRegen 0.23/turn                (no ring)
MPRegen 0.08/turn                (no ring)

@: no status effects
A: permanent stasis, dig shafts and tunnels, antennae 3, four strong arms
a: Dig, Shaft Self


You were on level 10 of the Dungeon.
You visited 1 branch of the dungeon, and saw 7 of its levels.
You also visited: Ice Cave.

You collected 117 gold pieces.

Inventory:

Hand Weapons
 i - a +4 war axe (weapon) {!f =f}
 k - a +0 dagger of holy wrath {!f =f}
Missiles
 g - 9 poisoned darts
 n - 5 stones
Armour
 b - a +0 leather armour (worn)
Wands
 f - a wand of digging (3)
 j - a wand of paralysis (4)
Scrolls
 d - a scroll of magic mapping
 e - a scroll of enchant weapon {unknown}
 h - 2 scrolls of poison
Potions
 l - a potion of brilliance {unknown}
 m - a potion of curing {unknown}


   Skills:
 - Level 3.2 Fighting
 - Level 2.0 Maces & Flails
 - Level 1.7 Dodging
 - Level 6.0 Stealth
 + Level 1.1 Spellcasting


You had 2 spell levels left.
You didn't know any spells.
Your spell library was empty.

Dungeon Overview and Level Annotations

Branches:
Dungeon (13/15)               Orc (0/2) D:10          IceCv (visited)
 Temple: D:4-7         Lair: D:8-11      Vaults: D:13-14

Altars:
The Shining One

Shops:
D:12 =   D:13 :

Annotations:
D:6 exclusion: downstairs
D:11 3 runed translucent doors, exclusions: 2 sensed monsters (detected) and upstairs, ZoeForever1's ghost, journeyman HuGl
D:12 exclusions: downstairs and upstairs


Innate Abilities, Weirdness & Mutations

You cannot be hasted, slowed, berserked, paralysed or teleported.
You can dig through walls and to a lower floor.
You have a pair of large antennae on your head. (SInv)
Your four strong arms can wield two-handed weapons with a shield.


Message History

You can't see that place.
Placed new exclusion.
Unknown command.
Unknown command.
You open the door.
There is an open door here.
The orc shouts!
You hear a shout! x2
The orc warrior shouts!
There is an escape hatch in the ceiling here.
A mysterious force pulls you upwards. The hatch slams shut behind you.
The orc priest shouts!
The orc warrior shouts!
The orc wizard shouts!
The yak bellows!
The orc wizard points at you and mumbles some strange words.
The magic dart hits you.
The orc shouts!
Are you sure you want to shaft yourself?
You begin to dig a shaft.
You continue digging a shaft.
The orc warrior closely misses you. A shaft appears beneath you!
You fall into a shaft and drop 3 floors!
The shaft crumbles and collapses.
You start resting.
HP restored.
There is a stone staircase leading up here.
You climb upwards.
Level annotation: exclusions: downstairs and upstairs
There is a stone staircase leading down here.
There is a stone staircase leading up here.
You climb upwards.
Level annotation: 3 runed translucent doors, exclusions: 2 sensed monsters (detected) and upstairs, ZoeForever1's ghost, journeyman HuGl
There is a stone staircase leading down here.
There is an escape hatch in the ceiling here.
A mysterious force pulls you upwards. The hatch slams shut behind you.
The orc shouts!
The orc hits you but does no damage. The yak closely misses you.
The orc warrior hits you with a +0 flail!
Ouch! That really hurt!
The yak gores you!
Ouch! That really hurt!
You die...

..........###.#.
.....##.........#.
.......O..........
.####.o♣♣♣♣.....##
.......o.......#...
##....##{{##.....# .
..!######.{#.?..##... .#
###...o............
..............................
.....###..Y..##..............#
....# ####..........o........#
.... #......................#
... #.....................# ..
##{...Y.o.............#######
..{.o.........##.##..........#
.{..Yo{#.....###.............#
..Y.....#..o........#'#.......#
............Y.......'_'.......#
.....o...Y@........#'#.......#
.....##...oo.............{...##
Y............###....o..#...{...
.....##...## #...##########..
...# ##### #...# #.T ..# #...#
##. . ##### #


You could see 4 yaks, 2 orc warriors, an orc priest, an orc wizard and 2 orcs.

Vanquished Creatures
  A jackal (D:5)
  3 kobolds (D:12)
4 creatures vanquished.

Notes
Turn   | Place    | Note
-------+----------+-------------------------------------------
     0 | D:5      | petzl the Formicid Delver began the quest for the Orb.
     0 | D:5      | Reached XP level 1. HP: 18/18 MP: 1/1
    44 | D:5      | Noticed a scorpion
    48 | D:5      | You fall into a shaft and drop 1 floor!
   212 | D:7      | Noticed a sky beast
   362 | D:5      | Noticed a sleepcap
   369 | D:5      | You fall into a shaft and drop 2 floors!
   429 | D:7      | Noticed an ice beast
   440 | D:7      | Noticed a bullfrog
   441 | D:7      | Noticed a bullfrog
   454 | D:7      | You fall into a shaft and drop 3 floors!
   454 | D:10     | Entered Level 10 of the Dungeon
   454 | D:10     | Found a glowing golden altar of the Shining One.
   520 | D:10     | Noticed a killer bee
   525 | D:10     | You fall into a shaft and drop 3 floors!
   670 | D:13     | Found Hurang's Book Emporium.
   732 | D:10     | Noticed a howler monkey
   732 | D:10     | Noticed a howler monkey
   732 | D:10     | Noticed a hornet
   732 | D:10     | Noticed a killer bee
   732 | D:10     | Noticed a killer bee
   732 | D:10     | Noticed a killer bee
   732 | D:10     | Noticed a killer bee
   732 | D:10     | Noticed a killer bee
   763 | D:11     | Noticed an orc warrior
   797 | D:11     | Noticed an orc warrior
   797 | D:11     | Noticed an orc priest
   798 | D:11     | Found a runed translucent gate.
   926 | D:11     | Noticed a kobold brigand
   926 | D:11     | Noticed a boulder beetle
   932 | D:12     | Reached skill level 1 in Spellcasting
  1051 | D:12     | Noticed a gnoll sergeant
  1127 | D:12     | Found a frozen archway.
  1131 | D:12     | Found Plog's Jewellery Boutique.
  1136 | IceCv    | Entered an ice cave
  1136 | IceCv    | Noticed a death yak simulacrum
  1136 | IceCv    | Noticed a death yak simulacrum
  1136 | IceCv    | Noticed a cane toad simulacrum
  1136 | IceCv    | Noticed a cane toad simulacrum
  1261 | D:13     | Noticed a manticore
  1261 | D:13     | Noticed a purple ugly thing
  1261 | D:13     | Noticed a two-headed ogre
  1344 | D:12     | Noticed a slime creature
  1435 | D:11     | Noticed a wyvern
  1492 | D:11     | Noticed an orc priest
  1492 | D:11     | Noticed an orc warrior
  1493 | D:11     | Found a runed translucent gate.
  1494 | D:11     | Found a runed translucent gate.
  1495 | D:11     | Noticed ZoeForever1's ghost (journeyman HuGl)
  1496 | D:11     | Noticed a warg
  1559 | D:11     | Noticed a cyclops
  1585 | D:10     | Noticed an orc warrior
  1585 | D:10     | Noticed an orc wizard
  1603 | D:10     | Noticed a troll
  1608 | D:10     | You fall into a shaft and drop 2 floors!
  1646 | D:10     | Noticed an orc warrior
  1646 | D:10     | Noticed an orc priest
  1651 | D:10     | Found a staircase to the Orcish Mines.
  1651 | D:10     | Noticed a yak
  1651 | D:10     | Noticed a yak
  1659 | D:10     | Noticed a two-headed ogre
  1660 | D:10     | Noticed a yak
  1662 | D:10     | Noticed a yak
  1665 | D:10     | You fall into a shaft and drop 1 floor!
  1806 | D:10     | Noticed an orc warrior
  1806 | D:10     | Noticed a yak
  1806 | D:10     | Noticed a yak
  1809 | D:10     | You fall into a shaft and drop 3 floors!
  1869 | D:10     | Mangled by a yak

Illustrated notes

Levels and vault maps discovered:
D:5:      layout_gridville, serial_park_tiny_1, uniq_pikel
D:6:      layout_basic, chequers_temple_overflow_statue_of_worship,
          minmay_temple_entry_glassed_door
D:7:      minmay_the_grid_triangle_9x9_rhombus_thin
          [minmay_the_grid_triangle_9x9_skeleton,
          minmay_the_grid_triangle_9x9_prize_center,
          minmay_the_grid_triangle_9x9_warning,
          minmay_the_grid_triangle_9x9_stretched_checkered], layout_rooms,
          kennysheep_mini, uniq_maggie, uniq_crazy_yiuf_cottage
D:10:     layout_rooms, mainiacjoe_overflow_boulevard, kennysheep_mini_moat,
          david_orc_3
D:11:     layout_roguey, biasface_ghost_orc_armoury, minmay_stone_trees_medium,
          hangedman_abyss_or_decor_slice, uniq_josephine
D:12:     layout_long_grid, portal_ice_cave_entry_pillars_2, serial_shops,
          shop_statue, dk_noncrumbling_2
D:13:     layout_layer_cave, david_vaults_2, serial_shops, shop,
          nicolae_square_shop, nicolae_shop_trees, minivault_16, uniq_snorg

Skill      XL: |  1 |
---------------+----+-----
Spellcasting   | 1 |  1.1
Fighting       | |  3.2
Maces & Flails | |  2.0
Dodging        | |  1.7
Stealth        | |  6.0

Action                     || total
---------------------------++-------
  Melee: War axe           ||     4
Ability: Shaft Self        ||     7
    Use: Scroll            ||     5
 Armour: Leather armour    ||     3
  Dodge: Dodged            ||    18

Table legend: (Time is in decaauts)
 A = Elapsed time spent in this place.
 B = Non-inter-level travel time spent in this place.
 C = Inter-level travel time spent in this place.
 D = Time resting spent in this place.
 E = Time spent auto-exploring this place.
 F = Levels seen in this place.
 G = Mean time per level.
                   A        B        C        D        E       F      G
               +--------+--------+--------+--------+--------+-----+--------+
         Total |   1872 |   1838 |     34 |    210 |    304 |   8 |  234.0 |
       Dungeon |   1868 |   1834 |     34 |    210 |    304 |   7 |  266.9 |
      Ice Cave |      3 |      3 |      0 |      0 |      0 |   1 |    3.0 |
               +--------+--------+--------+--------+--------+-----+--------+

Top non-repeatable levels by time:
    D:12: 664 daAuts
    D:11: 433 daAuts
     D:6: 208 daAuts
    D:13: 197 daAuts
     D:5: 159 daAuts
    D:10: 118 daAuts
     D:7: 87 daAuts
   IceCv: 3 daAuts
